 Dungeon Crawl Stone Soup version 0.30-a0-371-gad7725a93e (webtiles) character file.

Game seed: 12648152659301654588

49801 experimilk the Arsonist (level 14, -9/136 HPs)
             Began as a Purple Draconian Fire Elementalist on Nov 20, 2022.
             Was an Elder of Hepliaklqana.
             Mangled by an ogre
             ... wielding a +0 giant club
              (18 damage)
             ... on level 2 of the Orcish Mines on Nov 21, 2022.
             The game lasted 01:08:45 (26673 turns).

experimilk the Arsonist (DrFE)                     Turns: 26673, Time: 01:08:46

Health: -9/136     AC: 12    Str: 18    XL:     14   Next: 17%
Magic:  4/23       EV: 17    Int: 21    God:    Hepliaklqana [****..]
Gold:   1116       SH:  9    Dex: 18    Spells: 7/26 levels left

rFire   + . .      SeeInvis .    n - +7 trident "Gosuqeju" {flame, Drain Fragile rElec Str+8}
rCold   x . .      Faith    .    y - +2 buckler
rNeg    . . .      Spirit   .    (body armour unavailable)
rPois   .          Reflect  .    (helmet restricted)
rElec   +          Harm     .    (no cloak)
rCorr   .          Rampage  .    G - +0 pair of gloves
Will    ++...                    F - +2 pair of boots
Stlth   ..........               r - amulet of regeneration
HPRegen 1.22/turn                p - ring of fire
MPRegen 0.18/turn                D - +6 ring of dexterity

@: mighty, berserking (expiring), very quick
A: reduced essence, breathe power, AC +8, unfitting armour, cold-blooded
a: Breathe Dispelling Energy, Renounce Religion, Recall Ancestor, Ancestor
Identity, Transference, Idealise


You were on level 2 of the Orcish Mines.
You worshipped Hepliaklqana.
Hepliaklqana was greatly pleased with you.
You visited 4 branches of the dungeon, and saw 18 of its levels.

You collected 1116 gold pieces.

Inventory:

Hand Weapons
 h - a +2 short sword of venom
 n - the +7 trident "Gosuqeju" (weapon) {flame, Drain Fragile rElec Str+8}
   (You found it on level 3 of the Dungeon)

   It burns those it strikes, dealing additional fire damage.
   Str:       It affects your strength (+8).
   rElec:     It insulates you from electricity.
   Drain:     It drains your maximum health when unequipped.
   Fragile:   It will be destroyed if unequipped.
Missiles
 O - 2 throwing nets
Armour
 y - a +2 buckler (worn)
 F - a +2 pair of boots (worn)
 G - a +0 pair of gloves (worn)
 H - an orb of mayhem
Jewellery
 d - a ring of poison resistance
 m - a ring of ice
 p - a ring of fire (left hand)
 r - an amulet of regeneration (around neck)
 D - a +6 ring of dexterity (right hand)
 I - a ring of flight
Wands
 f - a wand of quicksilver (18)
 j - a wand of digging (1)
 v - a wand of polymorph (7)
 x - a wand of iceblast (20)
 C - a wand of charming (16)
 J - a wand of mindburst (17)
 M - a wand of flame (21)
Scrolls
 c - a scroll of enchant weapon
 i - 4 scrolls of magic mapping
 k - 4 scrolls of vulnerability
 o - 10 scrolls of teleportation
 u - 2 scrolls of fog
Potions
 b - 2 potions of brilliance
 e - 2 potions of curing
 g - 5 potions of might
 s - a potion of berserk rage
 w - 3 potions of mutation
 z - 3 potions of flight
 A - a potion of haste
 B - 4 potions of lignification
 K - a potion of cancellation
 L - 2 potions of attraction
Miscellaneous
 q - a tin of tremorstones (inert)


   Skills:
 * Level 3.1 Fighting
 - Level 9.0 Dodging
 - Level 1.7 Stealth
 + Level 9.3 Shields
 - Level 6.6 Spellcasting
 - Level 8.0 Conjurations
 + Level 12.1 Translocations
 - Level 13.0 Fire Magic
 - Level 9.0 Invocations


You had 7 spell levels left.
You knew the following spells:

 Your Spells              Type           Power      Damage    Failure   Level
a - Foxfire               Conj/Fire      100%       2x1d9     1%          1
e - Apportation           Tloc           100%       N/A       1%          1
q - Blink                 Tloc           100%       N/A       1%          2
r - Dispersal             Tloc           27%        N/A       12%         6
w - Lesser Beckoning      Tloc           100%       N/A       1%          3
x - Flame Wave            Conj/Fire      67%        2d15      1%          4
z - Scorch                Fire           100%       2d10      1%          2

Your spell library contained the following spells:

 Spells                   Type           Power      Damage    Failure   Level
 Kindle Blastsparks       Fire/Tloc/Air  100%       2d18      1%          3
 Manifold Assault         Tloc           55%        N/A       1%          4
 Inner Flame              Hex/Fire       50%        N/A       2%          3
 Stone Arrow              Conj/Erth      46%        3d9       6%          3
 Necrotise                Necr           24%        1d5       12%         1
 Sandblast                Erth           12%        2d6       12%         1
 Summon Small Mammal      Summ           24%        N/A       12%         1
 Cigotuvi's Dreadful Rot  Necr/Pois/Air  12%        N/A       17%         2
 Ensorcelled Hibernation  Hex/Ice        12%        N/A       17%         2
 Passwall                 Tmut/Erth      5%         N/A       17%         2
 Ozocubu's Armour         Ice            6%         N/A       34%         3
 Swiftness                Air            6%         N/A       34%         3
 Animate Dead             Necr           6%         N/A       75%         4
 Dispel Undead            Necr           6%         3d8       75%         4
 Borgnjor's Vile Clutch   Necr/Erth      3%         N/A       97%         5
 Metabolic Englaciation   Hex/Ice        3%         N/A       97%         5
 Death Channel            Necr           3%         N/A       100%        6
 Simulacrum               Ice/Necr       3%         N/A       100%        6
 Haunt                    Necr/Summ      3%         N/A       100%        7
 Disjunction              Tloc           27%        N/A       99%         8
 Infestation              Necr           3%         N/A       100%        8


Dungeon Overview and Level Annotations

Branches:
Dungeon (10/15)            Temple (1/1) D:4            Lair (5/5) D:8
  Swamp (0/4) Lair:3       Spider (0/4) Lair:2        Slime (0/5) Lair:4
    Orc (2/2) D:10
    Elf: Orc:2

Altars:
Ashenzari
Cheibriados
Dithmenos
Elyvilon
Fedhas
Gozag
Hepliaklqana
Kikubaaqudgha
Makhleb
Nemelex Xobeh
Okawaru
Qazlal
Ru
Sif Muna
Trog
Uskayaw
Vehumet
Wu Jian
Xom
Yredelemnul
Zin
The Shining One
Jiyva

Shops:
D:5 =(   Orc:2 (*

Annotations:
D:7 3 runed translucent doors, sirJeffrey23's ghost, novice FoFi
Lair:5 exclusion: obsidian statue
Orc:2 Donald; Sonja


Innate Abilities, Weirdness & Mutations

Your life essence is reduced to manifest your ancestor. (-10% HP)
You can breathe bolts of dispelling energy.
Your rich purple scales are hard. (AC +8)
You cannot fit into any form of body armour.
You are cold-blooded and may be slowed by cold attacks.


Message History

The two-headed ogre completely misses you.
You block the troll's attack. The troll claws you!
* * * LOW HITPOINT WARNING * * *
The troll misses you.
A deep troll comes into view.
You puncture the two-headed ogre! You burn the two-headed ogre.
The two-headed ogre is moderately wounded.
You feel sick.
Beli-Ashared hits the ogre with a +0 flail!
The two-headed ogre misses you.
The two-headed ogre completely misses you.
The troll barely misses you. x2; The troll claws you but does no damage.
The ogre closely misses you.
You impale the two-headed ogre!! You burn the two-headed ogre.
Your tail-slap misses the two-headed ogre.
The two-headed ogre is severely wounded.
You feel sick.
You are no longer poisoned.
Beli-Ashared hits the ogre with a +0 flail!
Unknown command.
You puncture the two-headed ogre! You burn the two-headed ogre.
You kill the two-headed ogre!
The troll bites you!
* * * LOW HITPOINT WARNING * * *
The troll claws you but does no damage. You block the troll's attack.
Beli-Ashared barely misses the ogre.
You block the ogre's attack.
Your Fighting skill increases to level 3!
Things that are here:
a +0 giant spiked club; a +0 giant spiked club; a two-headed ogre corpse You impale the ogre!!
You burn the ogre.
You kill the ogre!
Beli-Ashared hits the troll with a +0 flail!
The troll misses you. The troll claws you but does no damage.
The troll completely misses you.
Unknown command.
You hit the ogre. You burn the ogre.
The ogre is moderately wounded.
Beli-Ashared hits the troll but does no damage.
The ogre hits you with a +0 giant club!!
You die...

###########
#....#....##
..∩........#
...........
.......∩..##
...........##
....T.OO@...##
......)TR....#
.............#
....##.......#
### ##.....##
#######


You could see the friendly Beli-Ashared the knight, a two-headed ogre, a deep
troll, a troll (ally target) and an ogre.

Vanquished Creatures
  Rupert (Lair:3)
  3 dire elephants (Lair:5)
  The ghost of ryw the Fighter, a journeyman DsWn of Gozag (Lair:4)
  A hydra (Lair:5)
  A catoblepas (Lair:5)
  A boulder beetle (Lair:4)
  2 two-headed ogres (Orc:2)
  6 death yaks
  Urug (Lair:3)
  A spectral death yak (Lair:5)
  Amaemon (D:8)
  A deep troll (Orc:2)
  A spectral anaconda (Lair:5)
  2 necromancers (Lair:5)
  Pikel (D:8)
  An orc sorcerer (Orc:2)
  4 elephants (Lair:5)
  4 black mambas
  An orange demon (D:8)
  5 cane toads
  Maggie (D:8)
  2 rime drakes
  4 komodo dragons
  5 trolls
  3 dream sheep (Lair:3)
  A hornet (D:9)
  5 culicivoras (Lair:2)
  24 yaks
  6 basilisks
  A shadow (D:9)
  2 wraiths
  Eustachio (D:4)
  A wyvern (Lair:3)
  2 steam dragons
  5 redbacks (Lair:2)
  A death yak simulacrum (Lair:5)
  A warg (Orc:2)
  A spectral cane toad (Lair:5)
  An acid dragon (D:10)
  8 water moccasins
  The ghost of MAFIAMEASN the Sneak, an amateur SpBr (D:4)
  2 sky beasts (D:7)
  5 ice beasts
  4 orc warriors
  A black bear (D:5)
  7 wolves
  A centaur (D:9)
  8 ogres
  An elephant skeleton (Lair:5)
  A phantom (D:5)
  A kobold brigand (D:6)
  7 bullfrogs
  A gnoll sergeant (D:10)
  2 necrophages (D:6)
  A scorpion (D:2)
  4 wights (D:8)
  5 killer bees (D:8)
  5 electric eels
  4 howler monkeys
  2 jellies
  6 orc priests
  4 hounds
  Terence (D:3)
  4 iguanas
  7 orc wizards
  4 gnolls (D:10)
  6 adders
  3 shadow imps
  6 dart slugs
  36 orcs
  3 bats
  15 endoplasms
  4 giant cockroaches
  4 goblins
  5 hobgoblins
  4 jackals (D:1)
  3 quokkas
  8 ball pythons
  3 frilled lizards (D:1)
  13 kobolds
  8 rats
324 creatures vanquished.

Vanquished Creatures (collateral kills)
  3 dire elephants (Lair:5)
  An ogre mage (Orc:2)
  A catoblepas (Lair:4)
  A boulder beetle (Orc:2)
  A two-headed ogre (Orc:2)
  2 death yaks (Lair:3)
  2 necromancers (Lair:5)
  Joseph (D:8)
  An elephant (Lair:5)
  2 cane toads
  3 komodo dragons
  4 trolls
  2 dream sheep (Lair:3)
  2 wraiths
  A wyvern (D:8)
  12 yaks
  2 basilisks
  A water moccasin (Lair:5)
  4 ogres (Orc:2)
  An ice beast (D:8)
  9 wolves
  3 centaurs
  A kobold brigand (D:7)
  2 bullfrogs (Lair:3)
  A killer bee (D:8)
  An elephant simulacrum (Lair:5)
  A hound (D:8)
  2 orc priests
  An orc wizard (D:10)
  6 orcs
  4 kobolds
  8 foxfires
86 creatures vanquished.

Vanquished Creatures (others)
  11 knights
  2 ancestors (D:7)
  An orc (D:10)
  690 foxfires
  21 fungi
  52 plants
  28 withered plants (Lair:5)
805 creatures vanquished.

Grand Total: 1215 creatures vanquished

Notes
Turn   | Place    | Note
-------+----------+-------------------------------------------
     0 | D:1      | experimilk the Draconian Fire Elementalist began the quest
                  | for the Orb.
     0 | D:1      | Reached XP level 1. HP: 14/14 MP: 3/3
   607 | D:1      | Reached XP level 2. HP: 20/20 MP: 0/5
   863 | D:1      | Learned a level 2 spell: Scorch
  1475 | D:1      | Reached skill level 4 in Fire Magic
  2025 | D:2      | Reached XP level 3. HP: 19/26 MP: 0/6
  2231 | D:2      | Noticed a scorpion
  2238 | D:2      | Killed a scorpion
  2239 | D:2      | Reached skill level 5 in Fire Magic
  2239 | D:2      | Reached XP level 4. HP: 33/33 MP: 0/7
  2307 | D:2      | Learned a level 4 spell: Flame Wave
  3136 | D:2      | Reached skill level 5 in Dodging
  3136 | D:2      | Reached skill level 5 in Spellcasting
  3136 | D:2      | Reached XP level 5. HP: 38/38 MP: 7/12
  3235 | D:3      | Noticed Terence
  3240 | D:3      | Killed Terence
  3392 | D:3      | Identified the +7 trident "Gosuqeju" {flame, Drain Fragile
                  | rElec Str+8}
  4090 | D:4      | Reached XP level 6. HP: 45/45 MP: 9/14
  4212 | D:4      | Noticed Eustachio
  4224 | D:4      | Killed Eustachio
  4225 | D:4      | Reached skill level 6 in Fire Magic
  4521 | D:4      | Found a staircase to the Ecumenical Temple.
  4532 | Temple   | Entered the Ecumenical Temple
  4697 | Temple   | Became a worshipper of Hepliaklqana the Forgotten
  4711 | D:4      | Your scales start taking on a rich purple colour.
  4711 | D:4      | Reached XP level 7. HP: 50/50 MP: 8/16
  4949 | D:4      | Found a runed translucent door.
  4954 | D:4      | Noticed MAFIAMEASN's ghost (amateur SpBr)
  5295 | D:4      | Killed MAFIAMEASN's ghost
  5296 | D:4      | Reached skill level 7 in Fire Magic
  5475 | D:5      | Entered Level 5 of the Dungeon
  5673 | D:5      | Found Myef's Jewellery Emporium.
  5676 | D:5      | Found Moapsise's Antique Weapon Shop.
  5748 | D:5      | Reached XP level 8. HP: 57/57 MP: 6/17
  5749 | D:5      | Reached skill level 8 in Fire Magic
  6855 | D:6      | Reached * piety under Hepliaklqana
  6861 | D:6      | Reached skill level 9 in Fire Magic
  6921 | D:6      | Found a glowing golden altar of the Shining One.
  6932 | D:6      | Found a shadowy altar of Dithmenos.
  6933 | D:6      | Found a bloodstained altar of Trog.
  6935 | D:6      | Found a blossoming altar of Fedhas.
  6938 | D:6      | Got the Reference Book on the Lethal Map
  6942 | D:6      | Learned a level 2 spell: Blink
  7460 | D:7      | Reached skill level 1 in Translocations
  7809 | D:7      | Reached XP level 9. HP: 44/55 MP: 11/18
  8165 | D:7      | Found a runed translucent gate.
  8165 | D:7      | Found a runed translucent gate.
  8166 | D:7      | Found a runed translucent gate.
  8172 | D:7      | Noticed sirJeffrey23's ghost (novice FoFi)
  8336 | D:7      | Reached ** piety under Hepliaklqana
  8337 | D:7      | Remembered your ancestor Beli-Ashared as a knight
  8351 | D:7      | Found a glowing silver altar of Zin.
  8860 | D:8      | Noticed Pikel
  8863 | D:8      | Killed Pikel
  8864 | D:8      | Reached skill level 10 in Fire Magic
  8871 | D:8      | Noticed Joseph
  9165 | D:8      | You fall into a shaft and drop 1 floor!
  9366 | D:9      | Reached skill level 5 in Translocations
  9460 | D:9      | Reached skill level 1 in Shields
  9460 | D:9      | Reached skill level 1 in Invocations
  9474 | D:9      | Reached XP level 10. HP: 57/62 MP: 4/19
 10052 | D:8      | Killed Joseph
 10405 | D:8      | Noticed Maggie
 10414 | D:8      | Killed Maggie
 10760 | D:8      | Identified the +5 hand axe of Jawav Qeorr {venom, MP+9
                  | Int+2 Dex+2}
 10889 | D:8      | Noticed Amaemon
 10889 | D:8      | Noticed an orange demon
 10897 | D:8      | Killed an orange demon
 10898 | D:8      | Killed Amaemon
 11202 | D:8      | Found a staircase to the Lair.
 11483 | D:9      | Reached *** piety under Hepliaklqana
 11626 | D:9      | Reached XP level 11. HP: 64/66 MP: 13/20
 11785 | D:9      | Found a basalt altar of Yredelemnul.
 11791 | D:9      | Found a stormy altar of Qazlal.
 11796 | D:9      | Found a radiant altar of Vehumet.
 11904 | D:9      | Learned a level 3 spell: Lesser Beckoning
 11920 | D:10     | Entered Level 10 of the Dungeon
 11931 | D:10     | Reached skill level 5 in Invocations
 12271 | D:10     | Reached skill level 5 in Shields
 12279 | D:10     | Found a staircase to the Orcish Mines.
 12676 | D:10     | Learned a level 1 spell: Apportation
 13266 | Lair:1   | Entered Level 1 of the Lair of Beasts
 13339 | Lair:1   | Reached **** piety under Hepliaklqana
 15595 | Lair:2   | Noticed a death yak
 15597 | Lair:2   | Noticed a death yak
 15599 | Lair:2   | Noticed a death yak
 16345 | Lair:2   | Learned a level 6 spell: Dispersal
 16902 | Lair:1   | Killed a death yak
 16903 | Lair:1   | Reached XP level 12. HP: 72/72 MP: 7/21
 17262 | Lair:2   | Killed a death yak
 17265 | Lair:2   | Killed a death yak
 17453 | Lair:2   | Found a hole to the Spider Nest.
 18785 | Lair:3   | Noticed a death yak
 18786 | Lair:3   | Noticed a death yak
 18786 | Lair:3   | Noticed a death yak
 18792 | Lair:3   | Noticed a death yak
 18794 | Lair:3   | Killed a death yak
 18801 | Lair:3   | Killed a death yak
 18802 | Lair:3   | Reached skill level 11 in Fire Magic
 18802 | Lair:3   | Killed a death yak
 18819 | Lair:3   | Killed a death yak
 19066 | Lair:3   | Found a staircase to the Swamp.
 19102 | Lair:3   | Reached ***** piety under Hepliaklqana
 19329 | Lair:3   | Noticed Urug
 19338 | Lair:3   | Killed Urug
 19352 | Lair:3   | Noticed Rupert
 19777 | Lair:3   | Killed Rupert
 20150 | Lair:4   | Found a viscous altar of Jiyva.
 20150 | Lair:4   | Found a staircase to the Slime Pits.
 20158 | Lair:4   | Reached XP level 13. HP: 65/75 MP: 16/22
 20558 | Lair:4   | Found a runed translucent door.
 20559 | Lair:4   | Noticed ryw's ghost (journeyman DsWn)
 21080 | Lair:4   | Killed ryw's ghost
 21332 | Lair:5   | Entered Level 5 of the Lair of Beasts
 22113 | Lair:5   | Reached skill level 12 in Fire Magic
 22429 | Lair:5   | Reached skill level 10 in Translocations
 22971 | Lair:5   | Noticed a dire elephant
 22971 | Lair:5   | Noticed a dire elephant
 22971 | Lair:5   | Noticed a dire elephant
 22981 | Lair:5   | Noticed a dire elephant
 22984 | Lair:5   | Killed a dire elephant
 23211 | Lair:5   | Killed a dire elephant
 23432 | Lair:5   | Noticed a dire elephant
 24627 | Lair:5   | Noticed a dire elephant
 24642 | Lair:5   | Killed a dire elephant
 25074 | Lair:5   | Killed a dire elephant
 25080 | Lair:5   | Killed a dire elephant
 25724 | Lair:5   | Killed a dire elephant
 26134 | Orc:1    | Entered Level 1 of the Orcish Mines
 26241 | Orc:2    | Entered Level 2 of the Orcish Mines
 26529 | Orc:2    | Noticed Donald
 26561 | Orc:2    | Reached skill level 13 in Fire Magic
 26561 | Orc:2    | Reached XP level 14. HP: 17/83 MP: 16/23
 26637 | Orc:2    | Reached skill level 1 in Fighting
 26650 | Orc:2    | Noticed Sonja
 26660 | Orc:2    | Found Foenytt's Assorted Antiques.
 26660 | Orc:2    | Found Biczuzxe's Weapon Shoppe.
 26670 | Orc:2    | HP: 6/135 [troll (8)]
 26673 | Orc:2    | Mangled by an ogre

Illustrated notes

Levels and vault maps discovered:
D:1:      amcnicky_arrival_choice, layout_basic, minmay_misc_feat_square
D:2:      layout_rooms, dreamdust_wishing_well, hex_medium
D:3:      layout_rooms, uniq_terence
D:4:      layout_basic, minmay_temple_entry_hall, ebering_ghost_reflecting_pool,
          uniq_eustachio
D:5:      layout_loops_ring, nicolae_wooded_promenade
D:6:      layout_loops_ring, grunt_temple_overflow_open
D:7:      layout_basic, mainiacjoe_overflow_six_doors_small,
          gammafunk_ghost_necromancy
D:8:      layout_basic, erik_lair_island, uniq_joseph, uniq_pikel, uniq_amaemon,
          uniq_maggie
D:9:      layout_cave_pools, minmay_overflow_temple_star_quad
D:10:     layout_stronghold, erik_orc_2
Temple:   nicolae_temple_bog_church
Lair:1:   layout_layer_cave
Lair:2:   layout_loops_ring, nicolae_spider_entry_tight_spaces,
          grunt_forest_stairs_basic, st_stairs_6, serial_bayou_shore_b
Lair:3:   layout_misc_corridors, swamp_mist_pool, grunt_megastairs_2, uniq_urug,
          uniq_rupert
Lair:4:   layout_concentric_octagons, slime_entry_1,
          ebering_ghost_reflecting_pool, serial_bayou_shore_b,
          infiniplex_staircase_pool
Lair:5:   due_jungle_book, layout_regular_city, columned_hall_lemuel,
          nicolae_lair_yak_garden
Orc:1:    layout_caves
Orc:2:    st_orc_open, layout_diamond_mine, serial_shops,
          nicolae_lakefront_shop, rock_pile, uniq_sonja, uniq_erolcha,
          uniq_donald

Skill      XL: |  1  2  3  4  5  6  7  8  9 10 11 12 13 14 |
---------------+-------------------------------------------+-----
Fire Magic     | 4 5 6 7 9 10 11 13 | 13.0
Dodging        | 5 7 9 |  9.0
Spellcasting   | 5 6 |  6.6
Conjurations   | 8 |  8.0
Translocations | 1 5 8 11 12 | 12.1
Shields        | 1 4 9 |  9.3
Invocations    | 1 4 5 7 9 |  9.0
Fighting       | 3 |  3.1
Stealth        | |  1.7

Action                   |  1- 3 |  4- 6 |  7- 9 | 10-12 | 13-15 || total
-------------------------+-------+-------+-------+-------+-------++-------
Melee: Short sword       |    14 |     3 |       |       |       ||    17
       Tailslap          |     1 |     2 |       |    11 |     6 ||    20
       Trident           |       |     8 |    24 |    83 |    46 ||   161
       Punch             |       |     1 |       |       |       ||     1
 Cast: Foxfire           |    71 |    72 |   100 |   130 |    53 ||   426
       Scorch            |     9 |    18 |    70 |   178 |   140 ||   415
       Flame Wave        |       |       |     4 |    25 |    22 ||    51
       Blink             |       |       |     1 |     2 |     9 ||    12
       Apportation       |       |       |       |     1 |       ||     1
       Dispersal         |       |       |       |       |     1 ||     1
Invok: Recall Ancestor   |       |       |     1 |     3 |     3 ||     7
       Ancestor Life: Kn |       |       |     1 |       |       ||     1
       Idealise          |       |       |       |     2 |     3 ||     5
       Transference      |       |       |       |       |     4 ||     4
 Abil: Breathe Dispellin |       |       |     2 |     5 |     5 ||    12
Evoke: Wand              |       |       |       |     1 |     1 ||     2
       Tin of tremorston |       |       |       |       |     2 ||     2
  Use: Scroll            |       |     3 |    11 |    17 |     9 ||    40
       Potion            |       |     1 |       |     9 |     8 ||    18
 Stab: Distracted        |       |       |       |     2 |     2 ||     4
Armor: Skin              |     7 |     2 |    11 |    36 |    48 ||   104
Dodge: Dodged            |    21 |    10 |    20 |    97 |    94 ||   242
Block: Buckler           |       |       |     1 |    44 |    77 ||   122

Table legend: (Time is in decaauts)
 A = Elapsed time spent in this place.
 B = Non-inter-level travel time spent in this place.
 C = Inter-level travel time spent in this place.
 D = Time resting spent in this place.
 E = Time spent auto-exploring this place.
 F = Levels seen in this place.
 G = Mean time per level.
                   A        B        C        D        E       F      G
               +--------+--------+--------+--------+--------+-----+--------+
         Total |  26763 |  25809 |    954 |  11849 |   9967 |  18 | 1486.8 |
       Dungeon |  13243 |  12660 |    583 |   4069 |   6930 |  10 | 1324.3 |
        Temple |    181 |    161 |     20 |      0 |    148 |   1 |  181.0 |
          Lair |  12800 |  12450 |    350 |   7556 |   2888 |   5 | 2560.0 |
  Orcish Mines |    539 |    539 |      0 |    224 |      0 |   2 |  269.5 |
               +--------+--------+--------+--------+--------+-----+--------+

Top non-repeatable levels by time:
  Lair:5: 4353 daAuts
  Lair:1: 3038 daAuts
  Lair:2: 2622 daAuts
     D:8: 2075 daAuts
     D:1: 2072 daAuts
     D:7: 1742 daAuts
  Lair:4: 1569 daAuts
    D:10: 1356 daAuts
     D:4: 1354 daAuts
  Lair:3: 1215 daAuts
     D:6: 1119 daAuts
     D:2: 1089 daAuts
     D:9: 859 daAuts
     D:3: 789 daAuts
     D:5: 784 daAuts
